[Event "Rated Rapid game"]
[Site "?"]
[Date "2021.08.29"]
[Round "?"]
[White "lcgenius"]
[Black "sumpor"]
[Result "0-1"]
[ECO "C42"]
[WhiteElo "2377"]
[BlackElo "2439"]
[PlyCount "72"]
[EventDate "2021.??.??"]
[EventType "rapid"]
[TimeControl "600"]

1. e4 e5 2. Nf3 Nf6 3. Nxe5 d6 4. Nxf7 Kxf7 5. d4 c5 6. Bc4+ Be6 7. Bxe6+ Kxe6
8. dxc5 Nc6 9. cxd6 Bxd6 10. O-O Re8 11. Bg5 Kf7 12. Nc3 Kg8 13. Nd5 Kh8 14.
Bxf6 gxf6 15. Qf3 Nd4 16. Qxf6+ Qxf6 17. Nxf6 Re6 18. Nd5 Rxe4 19. c3 Ne2+ 20.
Kh1 Bxh2 21. g3 Bxg3 22. fxg3 Nxg3+ 23. Kg2 Nxf1 24. Rxf1 Rg8+ 25. Kh3 Re5 26.
Nf4 Rf5 27. Rf3 Rgf8 28. Kg4 h5+ 29. Kg3 Kh7 30. Rf2 Kh6 31. a4 Rg8+ 32. Kf3
Rgf8 33. Kg3 h4+ 34. Kg4 h3 35. Nxh3 Rxf2 36. Nxf2 Rxf2 {Normal} 0-1

[Event "Rated Blitz game"]
[Site "?"]
[Date "2021.08.29"]
[Round "?"]
[White "SFA_Gang"]
[Black "broskall6"]
[Result "0-1"]
[ECO "C42"]
[WhiteElo "2522"]
[BlackElo "2580"]
[PlyCount "102"]
[EventDate "2021.??.??"]
[EventType "blitz"]
[TimeControl "180"]

1. e4 e5 2. Nf3 Nf6 3. Nxe5 d6 4. Nxf7 Kxf7 5. d4 c5 6. Nc3 cxd4 7. Qxd4 Be6 8.
Bc4 Nc6 9. Bxe6+ Kxe6 10. Qc4+ Kd7 11. Bg5 Qa5 12. Qf7+ Be7 13. Bxf6 gxf6 14.
O-O-O Raf8 15. Qb3 Qb4 16. Qd5 Qc5 17. Qd2 Kc8 18. g4 h5 19. h3 hxg4 20. hxg4
Ne5 21. Nd5 Bd8 22. Qe2 Nc4 23. c3 a6 24. f4 Kb8 25. b3 Nb6 26. Rxh8 Rxh8 27.
Kb2 Nxd5 28. Rxd5 Qg1 29. Rd2 Bb6 30. Qd3 Rh1 31. Rc2 Bc5 32. b4 Qb1+ 33. Ka3
Bb6 34. Qxd6+ Ka7 35. Rb2 Qxe4 36. Qxf6 Rc1 37. g5 Qd3 38. Rb3 Rc2 39. Qe6 Qd2
40. Rb1 Rxc3+ 41. Rb3 Rc2 42. Rb1 a5 43. bxa5 Bc5+ 44. Ka4 Rxa2+ 45. Kb5 Qxa5+
46. Kc4 Ra4+ 47. Kd5 Bb6+ 48. Kd6 Rd4+ 49. Ke7 Qa3+ 50. Kf7 Rd6 51. Qe4 Rd4 {
Time forfeit} 0-1

[Event "Rated Blitz game"]
[Site "?"]
[Date "2021.08.29"]
[Round "?"]
[White "storytellingwithGlen"]
[Black "Papagayo"]
[Result "1-0"]
[ECO "C42"]
[WhiteElo "2667"]
[BlackElo "2588"]
[PlyCount "131"]
[EventDate "2021.??.??"]
[EventType "blitz"]
[TimeControl "180"]

1. e4 e5 2. Nf3 Nf6 3. Nxe5 d6 4. Nxf7 Kxf7 5. d4 c5 6. Bc4+ Be6 7. Bxe6+ Kxe6
8. Nc3 cxd4 9. Qxd4 Nc6 10. Qc4+ Kd7 11. Bg5 Qa5 12. Bxf6 gxf6 13. O-O-O Rc8
14. Rd5 Qb4 15. Qe2 Ne5 16. Rb5 Qc4 17. Rxb7+ Rc7 18. Rxc7+ Kxc7 19. Nd5+ Kb7
20. Qe3 h5 21. f4 Bh6 22. g3 Rc8 23. Qb3+ Qxb3 24. axb3 Ng4 25. Rf1 Re8 26. h3
Ne5 27. Nxf6 Rc8 28. Kd2 Nc6 29. c3 h4 30. Ng4 Bg7 31. gxh4 Rh8 32. f5 Rxh4 33.
f6 Bf8 34. Rf3 Ne5 35. Rg3 Kc6 36. Nxe5+ dxe5 37. Kd3 Rf4 38. Rg6 Kd6 39. f7+
Ke7 40. Ra6 Kxf7 41. Rxa7+ Kf6 42. Ra6+ Kg5 43. b4 Rf3+ 44. Kc4 Rxh3 45. b5 Rh2
46. b4 Rc2 47. b6 Bd6 48. b7 Bb8 49. Ra8 Bd6 50. Rd8 Bc7 51. Rc8 Bd6 52. Kd5
Rd2+ 53. Ke6 Kf4 54. c4 Kxe4 55. c5 Rh2 56. cxd6 Rh6+ 57. Kd7 Rh7+ 58. Kc6 Rh6
59. Rc7 Rxd6+ 60. Kxd6 Kd4 61. Kc6 e4 62. Rd7+ Ke3 63. Re7 Ke2 64. Rxe4+ Kd2
65. b8=Q Kd3 66. Qc8 {Time forfeit} 1-0

[Event "Rated Blitz tournament eB5byLsu"]
[Site "?"]
[Date "2021.08.28"]
[Round "?"]
[White "Theodorre"]
[Black "turkmen_fighter"]
[Result "0-1"]
[ECO "C42"]
[WhiteElo "2443"]
[BlackElo "2414"]
[PlyCount "122"]
[EventDate "2021.??.??"]
[EventType "blitz"]
[TimeControl "180"]

1. e4 e5 2. Nf3 Nf6 3. Nxe5 d6 4. Nxf7 Kxf7 5. d4 g6 6. Bc4+ Be6 7. Bxe6+ Kxe6
8. f4 Nxe4 9. Qe2 d5 10. Nd2 Kf7 11. Nxe4 dxe4 12. Qc4+ Kg7 13. O-O Bd6 14. f5
Nd7 15. Be3 Rf8 16. fxg6 hxg6 17. Qd5 Qh4 18. g3 Bxg3 19. Qxd7+ Kh8 20. h3 Bd6
21. Qg4 Qxg4+ 22. hxg4 Kg7 23. Kg2 c6 24. c4 Rxf1 25. Rxf1 Rh8 26. Rd1 Rh2+ 27.
Kg1 Rxb2 28. Rd2 Rb1+ 29. Kg2 b6 30. c5 Be7 31. Rc2 bxc5 32. dxc5 Kf7 33. Rc4
Rb2+ 34. Kg3 Rxa2 35. Rxe4 Rc2 36. Bd4 Bxc5 37. Bxc5 Rxc5 38. Ra4 a5 39. Kf4
Rb5 40. Ra3 Rb4+ 41. Kg5 a4 42. Rf3+ Kg7 43. Rc3 Rb5+ 44. Kh4 c5 45. g5 Rb4+
46. Kg3 c4 47. Kf2 Kf7 48. Kf1 Ke6 49. Ke2 Kf5 50. Kd2 Kxg5 51. Rf3 Kg4 52. Rf1
g5 53. Rg1+ Kf4 54. Kc3 Rb3+ 55. Kxc4 Rg3 56. Rf1+ Kg4 57. Rd1 a3 58. Rd4+ Kh3
59. Rd2 g4 60. Kd4 Rg2 61. Ke4 Rxd2 {Time forfeit} 0-1

[Event "Rated Blitz game"]
[Site "?"]
[Date "2021.08.28"]
[Round "?"]
[White "GoughPhar"]
[Black "Queribus"]
[Result "1-0"]
[ECO "C42"]
[WhiteElo "2409"]
[BlackElo "2255"]
[PlyCount "93"]
[EventDate "2021.??.??"]
[EventType "blitz"]
[TimeControl "180"]

1. e4 e5 2. Nf3 Nf6 3. Nxe5 d6 4. Nxf7 Kxf7 5. Bc4+ Be6 6. Bxe6+ Kxe6 7. O-O
Be7 8. d4 Re8 9. f4 Kf7 10. e5 Nd5 11. c4 Nb6 12. b3 Kg8 13. Nc3 N8d7 14. e6
Nf6 15. d5 c6 16. g4 cxd5 17. cxd5 Rc8 18. Bb2 Rxc3 19. Bxc3 Nfxd5 20. Bd4 Bf6
21. f5 Bxd4+ 22. Qxd4 Qg5 23. h3 h5 24. Kh2 hxg4 25. Qxg4 Qxg4 26. hxg4 g6 27.
Kg3 Ne3 28. Rf3 Nbd5 29. Re1 gxf5 30. gxf5 Kf8 31. Rfxe3 Nxe3 32. Rxe3 Ke7 33.
Kf4 Rh8 34. Rg3 Rh7 35. Rg6 b5 36. Ke4 a5 37. Kd5 Rh5 38. Rg7+ Ke8 39. Rf7 a4
40. bxa4 bxa4 41. Kxd6 Rh1 42. Ra7 Rd1+ 43. Ke5 Rd2 44. Rxa4 Ke7 45. Ra7+ Ke8
46. Kf6 Rd8 47. Rh7 {Normal} 1-0

[Event "Rated Blitz game"]
[Site "?"]
[Date "2021.08.28"]
[Round "?"]
[White "davekoenig"]
[Black "Hulscher1979"]
[Result "0-1"]
[ECO "C42"]
[WhiteElo "2401"]
[BlackElo "2348"]
[PlyCount "22"]
[EventDate "2021.??.??"]
[EventType "blitz"]
[TimeControl "180+2"]

1. e4 e5 2. Nf3 Nf6 3. Nxe5 d6 4. Nxf7 Kxf7 5. d4 c5 6. Nc3 cxd4 7. Bc4+ d5 8.
Nxd5 Be6 9. Bg5 Qa5+ 10. Bd2 Qc5 11. Qh5+ Nxh5 {Normal} 0-1

[Event "Rated Blitz game"]
[Site "?"]
[Date "2021.08.28"]
[Round "?"]
[White "fuegodejavu"]
[Black "Radivas"]
[Result "1-0"]
[ECO "C42"]
[WhiteElo "2267"]
[BlackElo "2417"]
[PlyCount "103"]
[EventDate "2021.??.??"]
[EventType "blitz"]
[TimeControl "180"]

1. e4 e5 2. Nf3 Nf6 3. Nxe5 d6 4. Nxf7 Kxf7 5. d4 d5 6. e5 Ne4 7. Bd3 g6 8.
Qf3+ Kg8 9. O-O Nc6 10. c3 h5 11. Bxe4 dxe4 12. Qxe4 Bf5 13. Qf3 Bh6 14. Na3
Bxc1 15. Raxc1 h4 16. Rfe1 h3 17. d5 Ne7 18. g4 Bd7 19. c4 Qf8 20. Qe4 Rh4 21.
e6 Be8 22. Rc3 Qf6 23. Rf3 Qg5 24. Rg3 a6 25. f4 Qf6 26. f5 Kh8 27. fxg6 Bxg6
28. Qe3 Rf8 29. Qe5 Kg7 30. c5 Nxd5 31. e7 Nxe7 32. Qxe7+ Qxe7 33. Rxe7+ Rf7
34. Rxf7+ Bxf7 35. Nc2 Bxa2 36. Nd4 Bf7 37. Nf5+ Kf6 38. Nxh4 Kg5 39. Rxh3 Kxg4
40. Rg3+ Kxh4 41. Rg7 Bd5 42. Rxc7 a5 43. Rd7 Bc6 44. Rd6 Kg5 45. Kf2 Kf5 46.
Kg3 Ke5 47. h4 Be4 48. h5 a4 49. h6 Bc2 50. Rd7 a3 51. bxa3 Ke6 52. h7 {
Time forfeit} 1-0

[Event "Rated Blitz game"]
[Site "?"]
[Date "2021.08.28"]
[Round "?"]
[White "GoughPhar"]
[Black "juanraguilera"]
[Result "1-0"]
[ECO "C42"]
[WhiteElo "2412"]
[BlackElo "2397"]
[PlyCount "41"]
[EventDate "2021.??.??"]
[EventType "blitz"]
[TimeControl "180"]

1. e4 e5 2. Nf3 Nf6 3. Nxe5 d6 4. Nxf7 Kxf7 5. Bc4+ d5 6. exd5 Bd6 7. O-O Rf8
8. h3 Kg8 9. d4 Nbd7 10. Bg5 h6 11. Bh4 g5 12. Bg3 Bxg3 13. fxg3 Kg7 14. Nc3
Nb6 15. Bb3 Nbxd5 16. Nxd5 Nxd5 17. Rxf8 Kxf8 18. Qh5 Qf6 19. Rf1 Nf4 20. gxf4
Qxd4+ 21. Kh1 {Normal} 1-0

[Event "Rated Blitz game"]
[Site "?"]
[Date "2021.08.28"]
[Round "?"]
[White "AGENT12"]
[Black "Marchess2200"]
[Result "1-0"]
[ECO "C42"]
[WhiteElo "2440"]
[BlackElo "2355"]
[PlyCount "127"]
[EventDate "2021.??.??"]
[EventType "blitz"]
[TimeControl "180"]

1. e4 e5 2. Nf3 Nf6 3. Nxe5 d6 4. Nxf7 Kxf7 5. d4 c5 6. Bc4+ d5 7. exd5 cxd4 8.
Qxd4 Bd6 9. O-O Rf8 10. Nc3 Kg8 11. Nb5 Ng4 12. h3 Ne5 13. Bb3 Bxh3 14. Nxd6
Qxd6 15. f4 Bxg2 16. Qxe5 Qg6 17. f5 Qg4 18. Qf4 Qh3 19. Re1 Bf3 20. d6+ Kh8
21. Qh2 Qg4+ 22. Kf2 Qxf5 23. Bf4 Bc6 24. Ke2 Qxf4 25. Qxf4 Rxf4 26. Ke3 Re4+
27. Kd3 Rxe1 28. Rxe1 Nd7 29. Kd4 Rf8 30. Be6 h5 31. c4 Re8 32. Re3 Nf8 33. Bf7
Rxe3 34. Kxe3 h4 35. Kf4 h3 36. Kg3 g5 37. Kxh3 Kg7 38. Bh5 Kf6 39. b4 Ke6 40.
c5 b6 41. Bg4+ Kd5 42. Bf3+ Kc4 43. Bxc6 Kxb4 44. cxb6 axb6 45. d7 Ne6 46. Kg4
Kc5 47. Bb7 Kd6 48. Bc8 Nd8 49. Kxg5 b5 50. Kf5 b4 51. Ke4 Kc5 52. Ke5 Kc4 53.
Kd6 Kc3 54. Kc7 Ne6+ 55. Kd6 Nd8 56. Ba6 b3 57. Bc4 b2 58. Bd3 Kxd3 59. Ke7
Nc6+ 60. Kd6 b1=Q 61. Kxc6 Qxa2 62. d8=Q+ Kc3 63. Qh8+ Kb3 64. Qh3+ {Time
forfeit} 1-0

[Event "Rated Blitz game"]
[Site "?"]
[Date "2021.08.27"]
[Round "?"]
[White "Proteuo"]
[Black "buddaaaa"]
[Result "1-0"]
[ECO "C42"]
[WhiteElo "2494"]
[BlackElo "2503"]
[PlyCount "61"]
[EventDate "2021.??.??"]
[EventType "blitz"]
[TimeControl "180"]

1. e4 e5 2. Nf3 Nf6 3. Nxe5 d6 4. Nxf7 Kxf7 5. Nc3 Be7 6. d4 Re8 7. Bc4+ d5 8.
Nxd5 Nxd5 9. Bxd5+ Kf8 10. O-O Qd6 11. c4 c6 12. e5 Qg6 13. Bf3 Kg8 14. Re1 Rf8
15. d5 Bc5 16. e6 cxd5 17. Qxd5 Be7 18. h4 Nc6 19. Bg5 Kh8 20. Bxe7 Nxe7 21.
Qd6 Qf6 22. Re4 b6 23. Rg4 Bxe6 24. Rg5 Rad8 25. Qa3 Nf5 26. Re1 Nxh4 27. Rg3
Nxf3+ 28. Rxf3 Qg6 29. Rxf8+ Rxf8 30. Qxf8+ Bg8 31. Re8 {Normal} 1-0

[Event "Rated Rapid game"]
[Site "?"]
[Date "2021.08.27"]
[Round "?"]
[White "Kmkm33"]
[Black "OPIE777"]
[Result "1-0"]
[ECO "C42"]
[WhiteElo "2446"]
[BlackElo "2317"]
[PlyCount "81"]
[EventDate "2021.??.??"]
[EventType "rapid"]
[TimeControl "600"]

1. e4 e5 2. Nf3 Nf6 3. Nxe5 d6 4. Nxf7 Kxf7 5. d4 Be7 6. Bc4+ d5 7. exd5 Nxd5
8. Qf3+ Ke6 9. Nc3 c6 10. O-O Bf6 11. Re1+ Kf7 12. Nxd5 cxd5 13. Bxd5+ Kf8 14.
Bg5 Nc6 15. Bxc6 bxc6 16. Qxc6 Bd7 17. Qd6+ Kf7 18. Bxf6 gxf6 19. Qd5+ Kg7 20.
Re3 Rf8 21. Rg3+ Kh8 22. Re1 Ba4 23. Qc4 Qd7 24. b3 Bc6 25. Qd3 Rae8 26. Rge3
Qd5 27. f3 Qg5 28. c4 Bxf3 29. Qd2 Bxg2 30. Qf2 Rxe3 31. Qxe3 Qg6 32. Kf2 Rg8
33. Re2 Qf5+ 34. Ke1 Qb1+ 35. Kd2 Qxa2+ 36. Kc3 Qa1+ 37. Kc2 Bf1 38. Qf3 Qa2+
39. Kc3 Qa5+ 40. Kc2 Qa1 41. Qxf6+ {Normal} 1-0

[Event "Rated Blitz game"]
[Site "?"]
[Date "2021.08.26"]
[Round "?"]
[White "wallie666"]
[Black "adnansendur"]
[Result "0-1"]
[ECO "C42"]
[WhiteElo "2516"]
[BlackElo "2454"]
[PlyCount "38"]
[EventDate "2021.??.??"]
[EventType "blitz"]
[TimeControl "180"]

1. e4 e5 2. Nf3 Nf6 3. Nxe5 d6 4. Nxf7 Kxf7 5. d4 Qe8 6. Nc3 c5 7. dxc5 dxc5 8.
Bc4+ Be6 9. Bxe6+ Qxe6 10. O-O Nc6 11. Qe1 Nd4 12. f4 Nxc2 13. Qf2 Nxa1 14. e5
Nd5 15. Ne4 Be7 16. Bd2 Nc2 17. Bc3 Nd4 18. Qg3 Nf5 19. Qh3 h5 {Normal} 0-1

[Event "Rated Blitz game"]
[Site "?"]
[Date "2021.08.26"]
[Round "?"]
[White "Electracy"]
[Black "Rainwalker40"]
[Result "1-0"]
[ECO "C42"]
[WhiteElo "2426"]
[BlackElo "2438"]
[PlyCount "103"]
[EventDate "2021.??.??"]
[EventType "blitz"]
[TimeControl "300"]

1. e4 e5 2. Nf3 Nf6 3. Nxe5 d6 4. Nxf7 Kxf7 5. Nc3 Qe8 6. Qf3 Nc6 7. Bc4+ Be6
8. Bxe6+ Qxe6 9. d3 d5 10. O-O dxe4 11. dxe4 Bd6 12. Re1 Nd4 13. Qd3 Bc5 14.
Na4 b6 15. b4 Qd7 16. Nxc5 bxc5 17. bxc5 Ne6 18. Qf3 Qd4 19. c3 Qe5 20. Be3 g5
21. Bd4 Nxd4 22. cxd4 Qf4 23. Qb3+ Kg7 24. g3 Qg4 25. e5 Nh5 26. d5 Raf8 27. e6
Nf4 28. Qc3+ Kh6 29. f3 Nh3+ 30. Kg2 Nf4+ 31. Kf2 Qh3 32. gxf4 Qxh2+ 33. Ke3
Qxf4+ 34. Ke2 g4 35. Rh1+ Kg6 36. Qd3+ Rf5 37. Rag1 Qxf3+ 38. Qxf3 Rxf3 39.
Rxg4+ Kf6 40. Kxf3 Ke5 41. Rg5+ Kd4 42. Re1 Kxc5 43. e7 Kd6 44. e8=Q Rxe8 45.
Rxe8 Kc5 46. Rh8 Kb4 47. Rxh7 Ka3 48. Rgg7 a5 49. Rxc7 a4 50. Ra7 Kxa2 51.
Rxa4+ Kb1 52. d6 {Time forfeit} 1-0

[Event "Rated Blitz tournament 3JQEpfGw"]
[Site "?"]
[Date "2021.08.26"]
[Round "?"]
[White "Ohnezahn007"]
[Black "Ihsan_Kilic"]
[Result "1-0"]
[ECO "C42"]
[WhiteElo "2389"]
[BlackElo "2431"]
[PlyCount "67"]
[EventDate "2021.??.??"]
[EventType "blitz"]
[TimeControl "180+2"]

1. e4 e5 2. Nf3 Nf6 3. Nxe5 d6 4. Nxf7 Kxf7 5. Nc3 g6 6. Bc4+ Be6 7. Bxe6+ Kxe6
8. d4 Kf7 9. O-O c6 10. f4 d5 11. e5 Ne4 12. f5 g5 13. Qh5+ Kg8 14. e6 Qe7 15.
Nxe4 dxe4 16. Bxg5 Qc7 17. Bd8 Qg7 18. f6 Qg6 19. f7+ Kg7 20. Bf6+ Qxf6 21.
Rxf6 Kxf6 22. Qe5+ Ke7 23. Qxh8 Na6 24. Re1 Nb4 25. c3 Nd5 26. Rxe4 Rd8 27.
Qxh7 Nf6 28. Qh4 Rd6 29. g4 Rxe6 30. Rxe6+ Kxe6 31. g5 Nd5 32. g6 Bg7 33. Qh7
Bf8 34. Qg8 {Normal} 1-0

[Event "Rated Rapid game"]
[Site "?"]
[Date "2021.08.26"]
[Round "?"]
[White "ModernBlackDeath"]
[Black "Schackkungen"]
[Result "1-0"]
[ECO "C42"]
[WhiteElo "2591"]
[BlackElo "2464"]
[PlyCount "31"]
[EventDate "2021.??.??"]
[EventType "rapid"]
[TimeControl "600"]

1. e4 e5 2. Nf3 Nf6 3. Nxe5 d6 4. Nxf7 Kxf7 5. Bc4+ d5 6. exd5 Bd6 7. O-O Nbd7
8. d4 Nb6 9. Bb3 Bxh2+ 10. Kxh2 Ng4+ 11. Kg1 Qh4 12. Bf4 Re8 13. d6+ Kf8 14.
dxc7 Bd7 15. Qf3 Bc6 16. Bd6# {Normal} 1-0

[Event "Rated Blitz game"]
[Site "?"]
[Date "2021.08.25"]
[Round "?"]
[White "BombaLeila"]
[Black "kokapp"]
[Result "0-1"]
[ECO "C42"]
[WhiteElo "2424"]
[BlackElo "2346"]
[PlyCount "98"]
[EventDate "2021.??.??"]
[EventType "blitz"]
[TimeControl "180"]

1. e4 e5 2. Nf3 Nf6 3. Nxe5 d6 4. Nxf7 Kxf7 5. d4 c5 6. dxc5 Nc6 7. Bc4+ Be6 8.
Bxe6+ Kxe6 9. O-O dxc5 10. Qe2 Nd4 11. Qc4+ Kd7 12. e5 Ng4 13. c3 Qh4 14. Qd5+
Kc7 15. h3 Ne2+ 16. Kh1 Nxf2+ 17. Rxf2 Qxf2 18. Qd1 Rd8 19. Bd2 Ng3+ 20. Kh2
Nf1+ 21. Kh1 Nxd2 22. Nxd2 Rxd2 23. Qg4 Qxg2+ 24. Qxg2 Rxg2 25. Kxg2 g6 26. Re1
Bg7 27. Kf3 Re8 28. Kg4 Rxe5 29. Rf1 Rf5 30. Re1 Kd6 31. Rd1+ Kc6 32. Rd8 h5+
33. Kg3 Be5+ 34. Kg2 Rg5+ 35. Kf2 Rg3 36. h4 Rg4 37. Rg8 Bg3+ 38. Kf3 Bxh4 39.
Rg7 Bf6 40. Rf7 Be5 41. a3 Rg3+ 42. Ke4 Bd6 43. Rf6 h4 44. b4 cxb4 45. cxb4 a6
46. a4 b5 47. axb5+ axb5 48. Rf7 h3 49. Rh7 Rb3 {Normal} 0-1

[Event "Rated Blitz game"]
[Site "?"]
[Date "2021.08.25"]
[Round "?"]
[White "Doubleb17"]
[Black "wannabe2700"]
[Result "0-1"]
[ECO "C42"]
[WhiteElo "2492"]
[BlackElo "2678"]
[PlyCount "41"]
[EventDate "2021.??.??"]
[EventType "blitz"]
[TimeControl "180"]

1. e4 e5 2. Nf3 Nf6 3. Nxe5 d6 4. Nxf7 Kxf7 5. Nc3 c5 6. Bc4+ d5 7. Nxd5 Be6 8.
O-O Nc6 9. d3 Be7 10. f4 Nd4 11. c3 b5 12. cxd4 bxc4 13. Nxe7 Qxd4+ 14. Kh1
Kxe7 15. f5 Bd7 16. e5 Ng4 17. f6+ gxf6 18. exf6+ Kf7 19. Qe2 Rae8 20. Qf3 Qxd3
21. Qb7 {Normal} 0-1

[Event "Rated Blitz game"]
[Site "?"]
[Date "2021.08.25"]
[Round "?"]
[White "RatzFatzWeg"]
[Black "Bogdanov6"]
[Result "1-0"]
[ECO "C42"]
[WhiteElo "2523"]
[BlackElo "2341"]
[PlyCount "37"]
[EventDate "2021.??.??"]
[EventType "blitz"]
[TimeControl "180+2"]

1. e4 e5 2. Nf3 Nf6 3. Nxe5 d6 4. Nxf7 Kxf7 5. Nc3 c5 6. Bc4+ Be6 7. Bxe6+ Kxe6
8. d4 cxd4 9. Qxd4 Nc6 10. Qc4+ Kd7 11. Bf4 Rc8 12. O-O-O Qa5 13. Qf7+ Kd8 14.
Bxd6 Nd7 15. Bxf8 Nce5 16. Qe7+ Kc7 17. Qd6+ Kd8 18. Bxg7 Rxc3 19. bxc3 {
Time forfeit} 1-0

[Event "Rated Blitz game"]
[Site "?"]
[Date "2021.08.25"]
[Round "?"]
[White "Schtorm"]
[Black "mustafamustafaa2100"]
[Result "0-1"]
[ECO "C42"]
[WhiteElo "2418"]
[BlackElo "2336"]
[PlyCount "34"]
[EventDate "2021.??.??"]
[EventType "blitz"]
[TimeControl "180+2"]

1. e4 e5 2. Nf3 Nf6 3. Nxe5 d6 4. Nxf7 Kxf7 5. Nc3 g6 6. f4 Bg7 7. Be2 Re8 8.
d3 Kg8 9. O-O Nc6 10. Be3 d5 11. e5 d4 12. exf6 Bxf6 13. Bd2 dxc3 14. Bxc3 Bxc3
15. bxc3 Qf6 16. c4 Nd4 17. Rb1 Nxe2+ {Normal} 0-1

[Event "Rated Blitz game"]
[Site "?"]
[Date "2021.08.25"]
[Round "?"]
[White "Schtorm"]
[Black "mustafamustafaa2100"]
[Result "0-1"]
[ECO "C42"]
[WhiteElo "2416"]
[BlackElo "2339"]
[PlyCount "66"]
[EventDate "2021.??.??"]
[EventType "blitz"]
[TimeControl "180+2"]

1. e4 e5 2. Nf3 Nf6 3. Nxe5 d6 4. Nxf7 Kxf7 5. Nc3 g6 6. d4 Bg7 7. f4 Re8 8.
Bd3 Kg8 9. O-O Nc6 10. d5 Nb4 11. h3 Qe7 12. Bd2 Na6 13. Qf3 Nc5 14. Rae1 Qf7
15. e5 Nh5 16. Bb5 Rf8 17. e6 Qe7 18. b4 Na6 19. a3 c5 20. Ne4 Nc7 21. Bc4 b5
22. Ba2 c4 23. g4 Nf6 24. Nxf6+ Bxf6 25. f5 Bb7 26. Bh6 Bxd5 27. Bxf8 Rxf8 28.
Qe3 Qg7 29. c3 Bxc3 30. Rd1 gxf5 31. Bb1 Bxe6 32. Rxd6 Be5 33. Rxe6 Bd4 {Normal
} 0-1

[Event "Rated Blitz tournament YDLtVPtf"]
[Site "?"]
[Date "2021.08.25"]
[Round "?"]
[White "MaitedePapa"]
[Black "RkasperR"]
[Result "0-1"]
[ECO "C42"]
[WhiteElo "2466"]
[BlackElo "2245"]
[PlyCount "95"]
[EventDate "2021.??.??"]
[EventType "blitz"]
[TimeControl "180+2"]

1. e4 e5 2. Nf3 Nf6 3. Nxe5 d6 4. Nxf7 Kxf7 5. d4 Be7 6. Bc4+ Be6 7. Bxe6+ Kxe6
8. O-O Kf7 9. Nc3 Rf8 10. f4 Kg8 11. e5 dxe5 12. fxe5 Nd5 13. Rxf8+ Bxf8 14.
Qf3 Nxc3 15. bxc3 c6 16. Be3 Qd5 17. Rf1 Nd7 18. Qf5 Nb6 19. h4 Nc4 20. Bc1 Re8
21. h5 Qe6 22. Qd3 Rd8 23. Qf3 h6 24. Qg3 Kh8 25. Rf4 Nb6 26. Qf2 Be7 27. Rf7
Kg8 28. Rf3 Rf8 29. Bd2 Rxf3 30. Qxf3 Qxa2 31. Qf5 Qf7 32. g4 Qxf5 33. gxf5 Nc4
34. Bc1 a5 35. Kf1 a4 36. Ke2 a3 37. Bxa3 Nxa3 38. Kd3 b5 39. c4 Nxc4 40. c3
Kf7 41. Ke4 Nb6 42. Kd3 Bg5 43. Ke4 Ke7 44. Kd3 Bh4 45. Ke4 Be1 46. Kd3 Kd7 47.
Kc2 Nd5 48. Kd3 {Normal} 0-1

[Event "Rated Blitz game"]
[Site "?"]
[Date "2021.08.24"]
[Round "?"]
[White "xamax2000"]
[Black "broskall6"]
[Result "0-1"]
[ECO "C42"]
[WhiteElo "2769"]
[BlackElo "2604"]
[PlyCount "82"]
[EventDate "2021.??.??"]
[EventType "blitz"]
[TimeControl "180"]

1. e4 e5 2. Nf3 Nf6 3. Nxe5 d6 4. Nxf7 Kxf7 5. d4 c5 6. dxc5 Be6 7. Nc3 Nc6 8.
cxd6 Bxd6 9. Bd3 Rf8 10. f4 Kg8 11. e5 Nxe5 12. fxe5 Bxe5 13. Qe2 Bg4 14. Qd2
Qc7 15. O-O Bxh2+ 16. Kh1 Rae8 17. Qg5 Re5 18. Qh4 Rh5 19. Qxh5 Nxh5 20. Rxf8+
Kxf8 21. Nd5 Qe5 22. c4 Bg3 23. Bd2 Nf6 24. Kg1 Qd4+ 25. Ne3 Qxd3 26. Bb4+ Kf7
27. Nxg4 Nxg4 28. Rf1+ Bf2+ 29. Rxf2+ Nxf2 30. Kxf2 Qd4+ 31. Kf3 Qxc4 32. Bc3
Qxa2 33. g4 b5 34. g5 a5 35. g6+ Kxg6 36. Bd4 b4 37. Bc3 a4 38. Bxb4 Qxb2 39.
Bd6 Qb3+ 40. Kf4 a3 41. Bxa3 Qxa3 {Normal} 0-1

[Event "Rated Blitz game"]
[Site "?"]
[Date "2021.08.24"]
[Round "?"]
[White "Capitan-FE"]
[Black "Colmen"]
[Result "0-1"]
[ECO "C42"]
[WhiteElo "2454"]
[BlackElo "2504"]
[PlyCount "88"]
[EventDate "2021.??.??"]
[EventType "blitz"]
[TimeControl "180"]

1. e4 e5 2. Nf3 Nf6 3. Nxe5 d6 4. Nxf7 Kxf7 5. d4 c5 6. dxc5 d5 7. e5 Ng4 8.
Bf4 Bxc5 9. Bg3 Re8 10. Be2 Nxe5 11. O-O Kg8 12. Nc3 d4 13. Ne4 Bb6 14. Bb5 Bd7
15. Bxd7 Qxd7 16. Re1 Nbc6 17. a4 Rad8 18. a5 Bxa5 19. Rf1 Bb6 20. Re1 d3 21.
cxd3 Nxd3 22. Re2 Qd4 23. Qb3+ Qd5 24. Qxd5+ Rxd5 25. Rd1 Red8 26. Red2 Ndb4
27. Rxd5 Rxd5 28. Re1 Nd3 29. Rd1 Rd4 30. Ng5 Nxb2 31. Re1 Rd1 32. Rxd1 Nxd1
33. Kf1 Nc3 34. Ke1 Nd5 35. Kd2 h6 36. Ne6 Kf7 37. Nf4 Nxf4 38. Bxf4 Bxf2 39.
Ke2 Bc5 40. Bd2 a5 41. Bc3 b5 42. g4 b4 43. Bb2 a4 44. h4 Bd4 {Normal} 0-1

[Event "Rated Blitz game"]
[Site "?"]
[Date "2021.08.24"]
[Round "?"]
[White "xadrezsoccer21"]
[Black "Colmen"]
[Result "1-0"]
[ECO "C42"]
[WhiteElo "2473"]
[BlackElo "2537"]
[PlyCount "35"]
[EventDate "2021.??.??"]
[EventType "blitz"]
[TimeControl "180"]

1. e4 e5 2. Nf3 Nf6 3. Nxe5 d6 4. Nxf7 Kxf7 5. d4 c5 6. dxc5 Qa5+ 7. Nc3 Be6 8.
cxd6 Nc6 9. Bd3 Bxd6 10. O-O Rhf8 11. f4 Kg8 12. e5 Bc5+ 13. Kh1 Nd5 14. Qh5 h6
15. Qg6 Nd8 16. Qh7+ Kf7 17. f5 Bc8 18. Nxd5 {Normal} 1-0

[Event "Rated Rapid game"]
[Site "?"]
[Date "2021.08.23"]
[Round "?"]
[White "freechess11"]
[Black "DrYavuzcan"]
[Result "1-0"]
[ECO "C42"]
[WhiteElo "2419"]
[BlackElo "2393"]
[PlyCount "41"]
[EventDate "2021.??.??"]
[EventType "rapid"]
[TimeControl "600"]

1. e4 e5 2. Nf3 Nf6 3. Nxe5 d6 4. Nxf7 Kxf7 5. d4 c6 6. Nc3 Be7 7. f4 b5 8. Bd3
Rf8 9. O-O Kg8 10. e5 dxe5 11. dxe5 Nd5 12. Qh5 h6 13. Qg6 Bc5+ 14. Kh1 Ne7 15.
Qh7+ Kf7 16. f5 Rh8 17. e6+ Kf6 18. Ne4+ Ke5 19. Qxg7+ Kd5 20. Nc3+ Kd6 21.
Bf4# {Normal} 1-0

[Event "Rated Blitz game"]
[Site "?"]
[Date "2021.08.23"]
[Round "?"]
[White "bishop1984"]
[Black "Tarrasch300"]
[Result "0-1"]
[ECO "C42"]
[WhiteElo "2323"]
[BlackElo "2459"]
[PlyCount "62"]
[EventDate "2021.??.??"]
[EventType "blitz"]
[TimeControl "180+2"]

1. e4 e5 2. Nf3 Nf6 3. Nxe5 d6 4. Nxf7 Kxf7 5. d4 c5 6. Nc3 cxd4 7. Qxd4 Nc6 8.
Bc4+ d5 9. Bxd5+ Nxd5 10. Qxd5+ Qxd5 11. Nxd5 Nb4 12. Nxb4 Bxb4+ 13. c3 Bc5 14.
Bg5 Re8 15. f3 h6 16. Bh4 Be6 17. b3 Rac8 18. Rd1 g5 19. Bg3 Bf8 20. Rd3 Bg7
21. Kd2 Rc6 22. h4 b5 23. hxg5 hxg5 24. Bf2 Rec8 25. Rc1 Ra6 26. Rc2 Rh8 27.
Be3 Rh2 28. Bxg5 Rxg2+ 29. Kc1 Rxg5 30. Rf2 Rg1+ 31. Kc2 Rxa2# {Normal} 0-1

[Event "Rated Blitz tournament KdHzZOjh"]
[Site "?"]
[Date "2021.08.23"]
[Round "?"]
[White "HpRmDrNsT"]
[Black "YaYestGrut"]
[Result "1-0"]
[ECO "C42"]
[WhiteElo "2309"]
[BlackElo "2529"]
[PlyCount "119"]
[EventDate "2021.??.??"]
[EventType "blitz"]
[TimeControl "180"]

1. e4 e5 2. Nf3 Nf6 3. Nxe5 d6 4. Nxf7 Kxf7 5. d4 c5 6. dxc5 Nc6 7. Nc3 dxc5 8.
Bc4+ Be6 9. Bxe6+ Kxe6 10. Qe2 Kf7 11. Qc4+ Ke8 12. O-O Qd4 13. Qe2 Rd8 14. Be3
Qd7 15. Rad1 Qe6 16. Qb5 b6 17. e5 Nd5 18. Bg5 Be7 19. Nxd5 Rxd5 20. Bxe7 Kxe7
21. Rde1 Rhd8 22. c3 Kf7 23. f4 g6 24. Qe2 Rd2 25. Qf3 Kg8 26. g4 R8d3 27. Qe4
Qd5 28. Qxd5+ Rxd5 29. e6 Kf8 30. f5 gxf5 31. gxf5 Re5 32. f6 Rd6 33. e7+ Kf7
34. Rxe5 Nxe5 35. Rf5 Re6 36. Rh5 Ng6 37. Rxh7+ Kxf6 38. e8=Q Rxe8 39. Rxa7 Re2
40. Rb7 Rxb2 41. a4 Ne5 42. a5 b5 43. a6 Ra2 44. a7 Ke6 45. Rxb5 Kd5 46. Rb8
Kc4 47. a8=Q Rxa8 48. Rxa8 Kxc3 49. Rc8 c4 50. Kf2 Nd3+ 51. Ke3 Nb4 52. h4 Nd5+
53. Ke2 Kd4 54. Kd1 Nf4 55. Kc1 Kc3 56. Rf8 Nd3+ 57. Kd1 Kb2 58. Kd2 Nb4 59.
Rb8 c3+ 60. Ke2 {Time forfeit} 1-0

[Event "Rated Blitz game"]
[Site "?"]
[Date "2021.08.23"]
[Round "?"]
[White "PenguinBlue"]
[Black "pieceofcrab"]
[Result "1-0"]
[ECO "C42"]
[WhiteElo "2436"]
[BlackElo "2388"]
[PlyCount "29"]
[EventDate "2021.??.??"]
[EventType "blitz"]
[TimeControl "300"]

1. e4 e5 2. Nf3 Nf6 3. Nxe5 d6 4. Nxf7 Kxf7 5. d4 c5 6. Nc3 cxd4 7. Bc4+ d5 8.
Nxd5 Be6 9. O-O Nc6 10. Bg5 h6 11. Bxf6 gxf6 12. f4 Bxd5 13. Qh5+ Kg7 14. Rf3
Qe8 15. Rg3+ {Normal} 1-0